 Dungeon Crawl Stone Soup version 0.19-a0-1676-g39ae8cc (webtiles) character file.

15895 Television the Tainter (level 12, 0/62 HPs)
             Began as a Spriggan Assassin on Sept 23, 2016.
             Slain by a centaur (4 damage)
             ... on level 7 of the Dungeon.
             The game lasted 00:44:44 (23697 turns).

Television the Tainter (Spriggan Assassin)         Turns: 23697, Time: 00:44:44

Health: 0/62       AC:  6    Str:  8    XL:     12   Next: 5%
Magic:  22/22      EV: 24    Int: 22    God:
Gold:   187        SH:  0    Dex: 20    Spells: 4 memorised, 10 levels left

rFire  . . .     SeeInvis +     B - +7 short sword of the Thing {drain, *Corrode Int+4}
rCold  . . .     Gourm    .     c - +0 robe
rNeg   . . .     Faith    .     (shield restricted)
rPois  .         Spirit   .     (helmet restricted)
rElec  .         Dismiss  .     n - +1 cloak
rCorr  .         Reflect  .     (gloves unavailable)
MR     ++...     Harm     .     (boots unavailable)
Stlth  +++++.....               (no amulet)
                                h - +2 ring of protection
                                E - +4 ring of intelligence

@: studying Throwing, very quick
A: unfitting armour, see invisible, herbivore 3, speed 3, slow metabolism 2
a: no special abilities


You were on level 7 of the Dungeon.
You were not hungry.

You visited 3 branches of the dungeon, and saw 13 of its levels.
You also visited: Labyrinth.

You collected 2368 gold pieces.
You spent 403 gold pieces at shops.
You paid 1778 gold pieces to Gozag.

Inventory:

Hand Weapons
 b - a +0 blowgun
 B - the +7 short sword of the Thing (weapon) {drain, *Corrode Int+4}
   (You bought it in a shop on level 9 of the Dungeon)

   A truly terrible weapon, it drains the life of those it strikes.
   It affects your intelligence (+4).
   It may corrode you when you take damage.
Missiles
 e - 38 poisoned needles
 f - 2 curare-tipped needles
Armour
 c - a +0 robe (worn)
 n - a +1 cloak (worn)
Rods
 K - a +2 rod of ignition (9/9)
   (You found it in a labyrinth)
Jewellery
 h - a +2 ring of protection (right hand)
 q - an uncursed ring of protection from magic
 E - a +4 ring of intelligence (left hand)
 H - an uncursed amulet of harm {unknown}
Wands
 m - a wand of lightning (0/15)
 y - a wand of random effects (14/48)
 z - a wand of random effects (6/48)
 C - a wand of polymorph (9/24)
 F - a wand of iceblast (0/15)
 G - a wand of flame (26/48)
 M - a wand of acid (7/15)
 Q - a wand of confusion (23/48)
 R - a wand of paralysis (11/24)
Scrolls
 d - 8 scrolls of remove curse
 j - 4 scrolls of enchant weapon
 l - 3 scrolls of fog
 u - 2 scrolls of enchant armour
 v - 2 scrolls of magic mapping
 w - a scroll of identify
 x - 3 scrolls of recharging
 P - a scroll of amnesia
Potions
 a - a potion of cure mutation {unknown}
 i - a potion of mutation {unknown}
 o - a potion of berserk rage {unknown}
 p - 2 potions of curing
 r - a potion of cancellation {unknown}
 s - a potion of haste {unknown}
 A - 3 potions of heal wounds {unknown}
 D - a potion of degeneration {unknown}
Books
 t - a Young Poisoner's Handbook

   Spells                             Type                      Level
   a - Sting                          Conjuration/Poison           1
   b - Mephitic Cloud                 Conjuration/Poison/Air       3
   c - Olgreb's Toxic Radiance        Poison                       4
   d - Alistair's Intoxication        Transmutation/Poison         5
   e - Venom Bolt                     Conjuration/Poison           5
 I - a book of Callings

   Spells                             Type                      Level
   a - Summon Small Mammal            Summoning                    1
   b - Call Imp                       Summoning                    2
   c - Call Canine Familiar           Summoning                    3
   d - Summon Guardian Golem          Hexes/Summoning              3
   e - Summon Lightning Spire         Summoning/Air                4
   f - Summon Ice Beast               Ice/Summoning                4
 J - a manual of Throwing
 L - the Guide on Flames and Darkness
   (You found it in a labyrinth)

   Spells                             Type                      Level
   a - Flame Tongue                   Conjuration/Fire             1
   b - Pain                           Necromancy                   1
   c - Sublimation of Blood           Necromancy                   2
   d - Cigotuvi's Embrace             Necromancy                   5
   e - Dispel Undead                  Necromancy                   5
   f - Bolt of Fire                   Conjuration/Fire             6
 N - the Almanac of Venomous Transformation
   (You found it in a labyrinth)

   Spells                             Type                      Level
   a - Sting                          Conjuration/Poison           1
   b - Petrify                        Transmutation/Earth          4
   c - Yara's Violent Unravelling     Hexes/Transmutation          5
   d - Statue Form                    Transmutation/Earth          6
 O - a book of Changes

   Spells                             Type                      Level
   a - Beastly Appendage              Transmutation                1
   b - Sticks to Snakes               Transmutation                2
   c - Spider Form                    Transmutation/Poison         3
   d - Ice Form                       Ice/Transmutation            4
   e - Blade Hands                    Transmutation                5
Comestibles
 g - 2 bread rations
 k - 2 fruits


   Skills:
 - Level 6.9 Fighting
 - Level 8.3 Short Blades
 - Level 2.0 Throwing
 - Level 7.6 Dodging
 - Level 8.0 Stealth
 - Level 6.0 Spellcasting
 * Level 7.5 Conjurations
 - Level 5.1 Air Magic
 * Level 9.0 Poison Magic


You had 10 spell levels left.
You knew the following spells:

 Your Spells              Type           Power        Failure   Level  Hunger
a - Sting                 Conj/Pois      ####         1%          1    None
b - Mephitic Cloud        Conj/Pois/Air  #####...     1%          3    #......
c - Olgreb's Toxic Radia  Pois           #####...     1%          4    ###....
d - Venom Bolt            Conj/Pois      #####.....   12%         5    #####..


Dungeon Overview and Level Annotations

Branches:
Dungeon (9/15)             Temple (1/1) D:5            Lair (3/6) D:9
 Spider (0/4) Lair:2
  Swamp: Lair:2-4    Shoals: Lair:2-4       Orc: D:9-12

Altars:
Ashenzari
Cheibriados
Dithmenos
Elyvilon
Fedhas
Gozag
Hepliaklqana
Kikubaaqudgha
Makhleb
Nemelex Xobeh
Okawaru
Qazlal
Ru
Sif Muna
Trog
Uskayaw
Vehumet
Xom
Yredelemnul
Zin
The Shining One

Shops:
D:7 *   D:9 (


Innate Abilities, Weirdness & Mutations

You are tiny and cannot use many weapons and most armour.
You have supernaturally acute eyesight. (SInv)
You are a herbivore.
You cover ground extremely quickly.
You need consume almost no food.


Message History

The centaur barely misses you.
There is an open door here.
You have lost your religion!
Qazlal does not appreciate desertion!
The centaur hits you but does no damage.
The centaur closely misses you. The centaur misses you.
The centaur completely misses you. The centaur closely misses you.
The centaur closely misses you. The centaur misses you. The centaur hits you.
The centaur barely misses you. The centaur completely misses you.
The centaur hits you.
* * * LOW HITPOINT WARNING * * *
The centaur hits you!
* * * LOW HITPOINT WARNING * * *
The centaur hits you.
* * * LOW HITPOINT WARNING * * *
The centaur misses you. The centaur barely misses you. The centaur hits you.
You die...

######### ##### #.......# ##....
#.#####.####..##.
#.##.##......##.. ########
#######.##.#####.###...
#......###................##....
#............###.######........_
#.>........................#....
##(((..........c@...........##...
.'......###.........####.....##..
##......#####.#.#...# #.....###.
#............#.....## #.....##..
##.###.#####..#...#..# #.....##.#
...###.# #..#...#..# #.........
.......# #..#...#..# ####.###(#
.......# #..#......# ####.###..
.......### #..#.#.#.####......)##


You could see a centaur.

Vanquished Creatures
  A minotaur (Lab)
  An ogre mage (D:4)
  A hydra (Lair:1)
  2 ice dragons (Lair:1)
  Pikel (D:8)
  An ugly thing (D:7)
  Maurice (D:9)
  A spiny frog (Lair:1)
  4 gargoyles (Lab)
  3 komodo dragons
  2 rime drakes (Lair:1)
  Prince Ribbit (D:9)
  3 blink frogs (Lair:1)
  4 hippogriffs
  A wyvern (D:8)
  A basilisk (Lair:1)
  4 yaks
  A hungry ghost (Lab)
  8 water moccasins
  3 porcupines
  2 orc warriors
  15 ice beasts (Lair:1)
  A necrophage (D:7)
  A sky beast (D:9)
  An ogre (D:3)
  2 black bears
  5 crocodiles
  2 centaurs
  7 bullfrogs
  An earth elemental (Lab)
  A scorpion (D:4)
  A water moccasin skeleton (D:6)
  4 killer bees (D:9)
  2 wights (D:8)
  2 howler monkeys
  5 crimson imps
  A centaur zombie (D:6)
  A bullfrog zombie (D:6)
  2 bullfrog skeletons
  4 hounds
  2 jellies (D:8)
  A gnoll shaman (D:6)
  An orc priest (D:8)
  6 orc wizards
  5 iguanas
  10 worker ants
  Natasha (D:3)
  A hound zombie (D:5)
  A howler monkey zombie (D:7)
  7 gnolls
  18 adders
  30 river rats
  A shadow imp (D:5)
  2 adder zombies
  3 adder skeletons (D:4)
  A worm (D:3)
  A dart slug (D:1)
  5 leopard geckos
  28 orcs
  13 bats
  3 giant cockroaches
  8 goblins (D:3)
  4 hobgoblins
  15 jackals
  5 kobolds
  2 quokkas
  A ball python (D:2)
  5 frilled lizards
  A jackal skeleton (D:6)
  A quokka skeleton (D:9)
  A quokka zombie (D:7)
  13 rats
  A plant (D:9)
301 creatures vanquished.

Vanquished Creatures (collateral kills)
  A slave (D:8)
1 creature vanquished.

Vanquished Creatures (others)
  3 slaves (D:8)
  A wight (D:8)
  A gnoll (D:8)
  3 fungi
  A plant (Lair:1)
9 creatures vanquished.

Grand Total: 311 creatures vanquished

Notes
Turn   | Place    | Note
-------+----------+-------------------------------------------
     0 | D:1      | Television the Spriggan Assassin began the quest for the Orb.
     0 | D:1      | Reached XP level 1. HP: 10/10 MP: 2/2
   192 | D:1      | Reached XP level 2. HP: 6/14 MP: 3/3
   761 | D:2      | Reached XP level 3. HP: 4/18 MP: 4/4
  1350 | D:3      | Found a radiant altar of Vehumet.
  1413 | D:3      | Noticed Natasha
  1457 | D:4      | Reached skill level 5 in Dodging
  1457 | D:4      | Reached XP level 4. HP: 22/22 MP: 5/5
  1525 | D:5      | Entered Level 5 of the Dungeon
  1995 | D:5      | Noticed a centaur
  2032 | D:5      | Killed a centaur
  2032 | D:5      | Reached XP level 5. HP: 12/25 MP: 6/6
  2099 | D:5      | You fall through a shaft!
  2154 | D:6      | Noticed a phantom
  2568 | D:5      | Found a staircase to the Ecumenical Temple.
  2572 | Temple   | Entered the Ecumenical Temple
  2690 | Temple   | Became a worshipper of Gozag Ym Sagoz the Greedy
  2859 | D:4      | Found a snail-covered altar of Cheibriados.
  2943 | D:4      | Reached XP level 6. HP: 30/30 MP: 7/7
  2994 | D:4      | Learned a level 1 spell: Sting
  2998 | D:4      | Learned a level 3 spell: Mephitic Cloud
  3075 | D:4      | Found a hide-covered altar of Uskayaw.
  3075 | D:4      | Found a stormy altar of Qazlal.
  3076 | D:4      | Found a sacrificial altar of Ru.
  3233 | D:3      | Reached skill level 1 in Poison Magic
  3473 | D:3      | Reached skill level 1 in Air Magic
  3698 | D:3      | Killed Natasha
  3947 | D:4      | Reached skill level 1 in Conjurations
  4155 | D:5      | Reached XP level 7. HP: 30/35 MP: 1/8
  4251 | D:5      | Noticed a vampire
  4500 | D:6      | Reached skill level 2 in Poison Magic
  5292 | D:7      | Noticed a red ugly thing
  5353 | D:7      | Killed a red ugly thing
  5353 | D:7      | Reached skill level 3 in Poison Magic
  5353 | D:7      | Reached XP level 8. HP: 8/39 MP: 2/9
  5681 | D:7      | Reached skill level 4 in Poison Magic
  5821 | D:6      | Reached skill level 1 in Spellcasting
  6532 | D:7      | Learned a level 4 spell: Olgreb's Toxic Radiance
  7023 | D:8      | Reached XP level 9. HP: 44/44 MP: 10/14
  7054 | D:8      | Noticed Pikel
  7123 | D:8      | Killed Pikel
  7123 | D:8      | Reached skill level 5 in Air Magic
  7656 | D:9      | Bought a dazzling short sword for 216 gold pieces
  7656 | D:9      | Identified the +7 short sword of the Thing {drain, *Corrode Int+4} (You bought it in a shop on level 9 of the Dungeon)
  7795 | D:9      | Reached skill level 5 in Short Blades
  8043 | D:9      | Found a staircase to the Lair.
  8152 | D:9      | Noticed Prince Ribbit
  8158 | D:9      | Killed Prince Ribbit
  8158 | D:9      | Reached skill level 5 in Poison Magic
  8198 | D:9      | Reached skill level 5 in Fighting
  8606 | D:9      | Noticed Maurice
  8615 | D:9      | Killed Maurice
  8615 | D:9      | Reached XP level 10. HP: 51/51 MP: 15/15
  8787 | Lair:1   | Entered Level 1 of the Lair of Beasts
  8846 | Lair:1   | Reached skill level 6 in Poison Magic
  9166 | Lair:1   | Noticed an ice dragon
  9197 | Lair:1   | Killed an ice dragon
  9232 | Lair:1   | Reached skill level 7 in Poison Magic
  9712 | Lair:1   | Learned a level 5 spell: Venom Bolt
  9725 | Lair:1   | Noticed an ice dragon
  9726 | Lair:1   | Reached XP level 11. HP: 58/58 MP: 17/17
  9730 | Lair:1   | Killed an ice dragon
  9751 | Lair:1   | Reached skill level 5 in Conjurations
  9851 | Lair:1   | Noticed a six-headed hydra
  9995 | Lair:2   | Found a labyrinth entrance.
 10005 | Lab      | Entered a labyrinth
 10488 | Lab      | Reached skill level 5 in Spellcasting
 11000 | Lab      | Noticed a minotaur
 11016 | Lab      | Killed a minotaur
 11275 | Lab      | Identified the Guide on Flames and Darkness
 11275 | Lab      | Identified the Almanac of Venomous Transformation
 11294 | Lair:2   | Noticed an eight-headed hydra
 11707 | Lair:1   | Killed a six-headed hydra
 11713 | Lair:1   | Reached skill level 8 in Poison Magic
 12976 | D:7      | Bought a scroll of enchant weapon for 187 gold pieces
 12998 | D:7      | Found a blossoming altar of Fedhas.
 13254 | D:4      | Fell from the grace of Gozag
 13254 | D:4      | Became a worshipper of Qazlal Stormbringer
 17885 | D:4      | Noticed an ogre mage
 17898 | D:4      | Killed an ogre mage
 17898 | D:4      | Reached XP level 12. HP: 57/62 MP: 22/22
 18100 | D:4      | Reached skill level 9 in Poison Magic
 19978 | D:5      | You fall through a shaft for 3 floors!
 23674 | D:7      | Fell from the grace of Qazlal
 23697 | D:7      | Slain by a centaur

Vault maps used:
D:1:      dpeg_chamrin_arrival_tetris
D:2:      st_stairs_3
D:3:      nicolae_overflow_crystal_walls, minmay_misc_feat_iff,
          minmay_ogre_servants, uniq_natasha
D:4:      cheibriados_altar_1, gammafunk_temple_overflow_claw
D:5:      first_bread, lightli_corner_chamber
D:6:      hex_medium
D:7:      lemuel_round_altar, grunt_livestock
D:8:      uniq_pikel
D:9:      grunt_lair_entry_orc_guard_hut, kennysheep_generic_room_12,
          uniq_maurice, uniq_prince_ribbit1
Temple:   regret_index_temple_waves
Lair:1:   minmay_guarded_unrand_chilly_death, grunt_megastairs_3
Lair:2:   nicolae_spider_entry_tight_spaces, lab_entry_generic,
          infiniplex_staircase_pool
Lair:3:   minmay_swamp_entry_worms
Lab:      nicolae_lab_grate_2, nicolae_lab_dead_end, labyrinth_lava_lair

Skill      XL: |  1  2  3  4  5  6  7  8  9 10 11 12 |
---------------+-------------------------------------+-----
Dodging        | 2 4 5 6 7 |  7.6
Short Blades   | 3 4 6 8 |  8.3
Poison Magic   | 1 3 4 5 7 8 9 |  9.0
Air Magic      | 1 3 4 5 |  5.1
Conjurations   | 1 2 3 4 7 |  7.5
Fighting       | 2 3 5 6 |  6.9
Spellcasting   | 3 6 |  6.0
Stealth        | 6 8 |  8.0
Throwing       | |  2.0

Action                   |  1- 3 |  4- 6 |  7- 9 | 10-12 || total
-------------------------+-------+-------+-------+-------++-------
Melee: Dagger            |   102 |   341 |   441 |       ||   884
       Short sword       |       |       |   166 |   532 ||   698
 Cast: Sting             |       |     7 |    11 |       ||    18
       Mephitic Cloud    |       |       |    21 |     4 ||    25
       Venom Bolt        |       |       |       |     2 ||     2
Invok: Call Merchant     |       |       |     1 |     1 ||     2
       Potion Petition   |       |       |       |     2 ||     2
Evoke: Wand              |       |     3 |    13 |    11 ||    27
  Use: Scroll            |     5 |     6 |     1 |     4 ||    16
       Potion            |     1 |     3 |     1 |     1 ||     6
 Stab: Sleeping          |     8 |     7 |     9 |    12 ||    36
       Distracted        |     1 |       |     4 |     3 ||     8
       Confused          |       |       |    13 |     2 ||    15
       Invisible         |       |       |       |     7 ||     7
  Eat: Pizza             |       |     1 |       |       ||     1
       Fruit             |       |       |     2 |     4 ||     6
       Bread ration      |       |       |     1 |     2 ||     3
       Royal jelly       |       |       |     1 |       ||     1
Armor: Robe              |    11 |    31 |    48 |    27 ||   117
       Skin              |    11 |       |       |       ||    11
Dodge: Dodged            |    80 |   270 |   450 |   379 ||  1179
